 Dungeon Crawl Stone Soup version 0.22-a0-398-g8bb545f (webtiles) character file.

478 Serpenta the Slasher (level 6, -1/55 HPs)
             Began as a Deep Dwarf Chaos Knight on May 4, 2018.
             Slain by an iguana (6 damage)
             ... on level 5 of the Dungeon.
             The game lasted 00:09:01 (3498 turns).

Serpenta the Slasher (Deep Dwarf Chaos Knight)      Turns: 3498, Time: 00:09:02

Health: -1/55      AC: 12    Str: 17    XL:     6   Next: 85%
Magic:  4/4        EV:  4    Int: 11    God:    Xom [......]
Gold:   238        SH:  3    Dex: 14    Spells: 5/5 levels left

rFire    . . .     SeeInvis .   h - +0 long sword (elec)
rCold    . . .     Gourm    .   s - +0 buckler
rNeg     . . .     Faith    .   u - +0 plate armour
rPois    .         Spirit   .   m - +0 helmet
rElec    .         Reflect  .   (no cloak)
rCorr    .         Harm     .   (no gloves)
MR       +....                  (no boots)
Stlth    ..........             (no amulet)
HPRegen  0.00/turn              p - ring of protection from magic
MPRegen  0.09/turn              (no ring)

@: non-regenerating
A: damage resistance, heal wounds, agile 1, dopey 1, sense surroundings 1, no
regeneration
a: Heal Wounds, Renounce Religion


You were on level 5 of the Dungeon.
You worshipped Xom.
You were a very special plaything of Xom.
You were not hungry.

You visited 1 branch of the dungeon, and saw 5 of its levels.

You collected 238 gold pieces.


Innate Abilities, Weirdness & Mutations

You are resistant to damage.
You can heal yourself by infusing magical energy.
You passively map a small area around you.
You do not regenerate.
You are agile. (Dex +2)
You are dopey. (Int -2)


   Skills:
 - Level 2.6 Fighting
 + Level 7.9 Long Blades
 - Level 2.1 Armour
 - Level 1.1 Dodging


You had 5 spell levels left.
You didn't know any spells.

Action                   |  1- 3 |  4- 6 || total
-------------------------+-------+-------++-------
Melee: Falchion          |    95 |       ||    95
       Long sword        |    11 |    98 ||   109
 Abil: Heal Wounds       |     2 |     2 ||     4
  Use: Scroll            |       |     2 ||     2
  Eat: Chunk             |     3 |     5 ||     8
Armor: Leather armour    |    35 |    11 ||    46
       Plate armour      |       |    22 ||    22
Dodge: Dodged            |    45 |    31 ||    76
Block: Buckler           |       |    15 ||    15
       Rpst.: Falchion   |    13 |       ||    13
       Long sword        |     1 |    12 ||    13

Inventory:

Hand Weapons
 a - a +0 falchion of chaos
 h - a +0 long sword of electrocution (weapon)
 k - a +2 falchion of holy wrath
Armour
 b - a +2 leather armour
 m - a +0 helmet (worn)
 n - a +1 ring mail of cold resistance
 s - a +0 buckler (worn)
 u - a +0 plate armour (worn)
Jewellery
 p - a ring of protection from magic (left hand)
Scrolls
 d - a scroll of fear {unknown}
 f - a scroll of blinking
 i - a scroll of identify {unknown}
 j - 2 scrolls of teleportation
 l - a scroll of noise {unknown}
 q - a scroll of enchant armour {unknown}
 r - a scroll of amnesia {unknown}
 t - a scroll of magic mapping {unknown}
 v - a scroll of remove curse {unknown}
Potions
 e - a potion of haste {unknown}
 g - a potion of flight {unknown}
Comestibles
 c - 5 rations
 o - 6 chunks of flesh {@w1}

, ,,, * * , ## ,,
, , .., * , , *
.l * # ##. ,
..#.####.. * ,,
.........* , .. *
.......l## .# .#
* * * , #.@#
..#.## , ,
##.###....# , ,
#...#....# , *
###.#....# #####
, , ,, #.##...#
#.... * ,
#..†...# #.... ,
* ###..### #....
, ##..### ##....
,
######...###.....


You could see an iguana.

Vanquished Creatures
  An ice beast (D:5)
  A phantom (D:5)
  An ogre (D:5)
  2 worker ants
  A hound skeleton (D:4)
  A hound zombie (D:5)
  A howler monkey skeleton (D:4)
  A river rat (shapeshifter) (D:5)
  5 adders
  A shadow imp (D:5)
  An ooze (D:2)
  3 worms
  2 dart slugs
  2 leopard geckos
  2 orcs (D:3)
  3 ball pythons
  4 giant cockroaches
  6 hobgoblins
  A jackal (D:5)
  2 quokkas
  5 bats
  A frilled lizard (D:2)
  7 goblins
  5 kobolds
  3 rats
62 creatures vanquished.

Vault maps used:
D:1:      dpeg_arrival_chase, tso_metal_star
D:2:      chequers_ecumenical_altar_lobes, uniq_terence
D:3:      grunt_temple_overflow_open, first_ration, corexii_corridor_pit
D:4:      uniq_grinder
D:5:      grunt_decor_fettered, minivault_27


Message History

The iguana is lightly wounded.
The iguana bites you.
You hit the iguana.
The iguana is moderately wounded.
You block the iguana's attack. The iguana bites you!
* * * LOW HITPOINT WARNING * * *
You hit the iguana.
The iguana is severely wounded.
You block the iguana's attack.
You closely miss the iguana.
The iguana is severely wounded.
The iguana bites you!
* * * LOW HITPOINT WARNING * * *
Your plate armour prevents you from hitting the iguana.
The iguana is severely wounded.
The iguana bites you.
Your shield and plate armour prevent you from hitting the iguana.
The iguana is severely wounded.
The iguana bites you!
You die...

Notes
Turn   | Place    | Note
-------+----------+-------------------------------------------
     0 | D:1      | Serpenta the Deep Dwarf Chaos Knight began the quest for the Orb.
     0 | D:1      | Reached XP level 1. HP: 20/20 MP: 1/1
    81 | D:1      | Found a glowing golden altar of the Shining One.
   347 | D:1      | XOM: noise
   394 | D:1      | XOM: cloud trail
   607 | D:1      | Reached XP level 2. HP: 27/27 MP: 2/2
   691 | D:1      | XOM: harmless Chrm miscast
   856 | D:2      | Noticed Terence
   856 | D:2      | XOM: blink monster(s)
   877 | D:2      | XOM: noise
  1075 | D:2      | Reached skill level 4 in Long Blades
  1211 | D:2      | Reached XP level 3. HP: 9/33 MP: 3/3
  1734 | D:2      | Found a faded altar of an unknown god.
  1837 | D:2      | XOM: give mutations
  1837 | D:2      | Gained mutation: You are dopey. (Int -2) [Xom's mischief]
  1839 | D:2      | XOM: mild Pois miscast
  1865 | D:2      | XOM: give mutation
  1865 | D:2      | Gained mutation: You are agile. (Dex +2) [Xom's mischief]
  1970 | D:3      | Reached XP level 4. HP: 34/40 MP: 3/3
  2022 | D:3      | Reached skill level 5 in Long Blades
  2178 | D:3      | Found a sacrificial altar of Ru.
  2178 | D:3      | Found a bloodstained altar of Trog.
  2179 | D:3      | Found a hide-covered altar of Uskayaw.
  2181 | D:3      | Found an opulent altar of Gozag.
  2675 | D:4      | XOM: medium Tmut miscast
  2801 | D:4      | XOM: polymorph howler monkey -> worm
  2948 | D:4      | Noticed an ogre
  3040 | D:4      | Reached XP level 5. HP: 21/46 MP: 4/4
  3129 | D:4      | Noticed Grinder
  3167 | D:5      | Entered Level 5 of the Dungeon
  3167 | D:5      | Noticed an ice beast
  3185 | D:5      | Killed an ice beast
  3185 | D:5      | Reached skill level 6 in Long Blades
  3219 | D:5      | XOM: harmless Erth miscast
  3222 | D:5      | Reached XP level 6. HP: 45/55 MP: 4/4
  3311 | D:5      | Reached skill level 7 in Long Blades
  3434 | D:5      | XOM: polymorph jackal -> quokka
  3443 | D:5      | XOM: swap monsters
  3498 | D:5      | Slain by an iguana
